 Dungeon Crawl Stone Soup version 0.26-a0-53-g45f243fec8 (webtiles) character file.

Game seed: 658415022048953932

39 FabianWz the Digger (level 3, -3/19 HPs)
             Began as a Gargoyle Earth Elementalist on June 7, 2020.
             Killed from afar by a dart slug (6 damage)
             ... with a slug dart
             ... on level 3 of the Dungeon.
             The game lasted 00:11:22 (1357 turns).

FabianWz the Digger (Gargoyle Earth Elementalist)   Turns: 1357, Time: 00:11:23

Health: -3/19      AC:  5    Str: 11    XL:     3   Next: 45%
Magic:  6/6        EV: 12    Int: 16    God:
Gold:   85         SH:  0    Dex: 10    Spells: 6/7 levels left

rFire    . . .     SeeInvis .   (no weapon)
rCold    . . .     Gourm    .   (no shield)
rNeg     + . .     Faith    .   c - +0 robe
rPois    ∞         Spirit   .   (no helmet)
rElec    +         Reflect  .   (no cloak)
rCorr    .         Harm     .   (no gloves)
MR       .....                  (no boots)
Stlth    ++........             (no amulet)
HPRegen  0.06/turn              (no ring)
MPRegen  0.10/turn              (no ring)

@: no status effects
A: negative energy resistance 1, electricity resistance, unbreathing,
petrification resistance, rot immunity, AC +3
a: no special abilities


You were on level 3 of the Dungeon.
You were not hungry.

You visited 1 branch of the dungeon, and saw 4 of its levels.

You collected 85 gold pieces.

Inventory:

Hand Weapons
 i - a cursed +0 spear
Missiles
 b - 11 stones (quivered)
Armour
 c - a +0 robe (worn)
Scrolls
 a - a scroll of immolation {unknown}
 d - a scroll of fog {unknown}
 e - 2 scrolls of identify
 h - a scroll of teleportation {unknown}
Potions
 g - a potion of resistance


   Skills:
 + Level 1.9 Dodging
 + Level 2.6 Stealth
 * Level 2.6 Spellcasting
   Level 0.7 Transmutations
 + Level 4.2 Earth Magic


You had 6 spell levels left.
You knew the following spells:

 Your Spells              Type           Power        Failure   Level  Hunger
a - Sandblast             Erth           ###...       3%          1    #......

Your spell library contained the following spells:

 Spells                   Type           Power        Failure   Level  Hunger
 Passwall                 Tmut/Erth      #.......     11%         2    ##.....
 Stone Arrow              Conj/Erth      #.....       24%         3    ###....
 Petrify                  Tmut/Erth      #.......     56%         4    #####..
 Lee's Rapid Deconstruct  Erth           ###.......   67%         5    ######.


Dungeon Overview and Level Annotations

Branches:
Dungeon (4/15)
 Temple: D:4-7

Altars:

Annotations:
D:4 Menkaure, Sigmund


Innate Abilities, Weirdness & Mutations

You are resistant to torment.
Your stone body is resilient. (AC +3)
You are immune to poison.
You resist negative energy. (rN+)
You are resistant to electric shocks. (rElec)
You can survive without breathing.
You are immune to petrification.
You are immune to rotting.


Message History

Aiming: Sandblast (safe; 3% risk of failure)
Press: ? - help, Shift-Dir - straight line, f - kobold
Aim: a kobold, wielding a +0 mace (wandering, hasn't noticed you)
The blast of sand hits the kobold!
You kill the kobold!
b - 11 stones You now have 85 gold pieces (gained 10).
A kobold comes into view. It is wielding a +0 dagger.
A dart slug comes into view.
Found 2 gold pieces.
The dart slug launches a dart at you. The slug dart hits you.
The dart slug launches a dart at you. The slug dart hits you.
* * * LOW HITPOINT WARNING * * *
Found 2 white potions.
You see here 2 gold pieces.
The dart slug launches a dart at you. The slug dart hits you.
You die...

.# ..# .# #.# ...
#.# #.# #.# ...#
#># ###<.##...
##.#####... ...
....#....###.#
#.....@.K...#
#†##.##...###!#
#....##.#$.w..#
###..##.####.....
##.)##.# .###
#......# #
#....#### #...#.#
#≈≈≈≈≈≈


You could see a dart slug and a kobold.

Vanquished Creatures
  An ooze (D:3)
  A dart slug (D:1)
  A leopard gecko (D:1)
  5 giant cockroaches (D:1)
  3 goblins (D:1)
  A hobgoblin (D:1)
  5 kobolds
  5 bats
  5 frilled lizards
  6 rats (D:1)
33 creatures vanquished.

Vanquished Creatures (others)
  A leopard gecko (D:4)
1 creature vanquished.

Grand Total: 34 creatures vanquished

Notes
Turn   | Place    | Note
-------+----------+-------------------------------------------
     0 | D:1      | FabianWz the Gargoyle Earth Elementalist began the quest
                  | for the Orb.
     0 | D:1      | Reached XP level 1. HP: 10/10 MP: 3/3
   411 | D:1      | Reached XP level 2. HP: 10/15 MP: 0/5
   701 | D:1      | Reached skill level 4 in Earth Magic
   834 | D:1      | Reached XP level 3. HP: 19/19 MP: 3/6
  1209 | D:2      | You fall into a shaft and drop 2 floors!
  1210 | D:4      | Noticed Sigmund
  1247 | D:4      | Noticed Menkaure
  1357 | D:3      | Killed from afar by a dart slug

Illustrated notes

Levels and vault maps discovered:
D:1:      lemuel_arrival_muddy, layout_rooms, minmay_3d_cube
D:2:      layout_basic, nicolae_overflow_crystal_walls,
          kennysheep_decorative_pillar, chequers_serial_rivers_small_3,
          uniq_terence
D:3:      layout_rooms, chequers_serial_rivers_micro_e
D:4:      layout_gridville, led_sif_pool, first_ration, uniq_sigmund,
          uniq_menkaure

Skill      XL: |  1  2 |
---------------+-------+-----
Earth Magic    | 4 |  4.2
Dodging        | |  1.9
Stealth        | |  2.6
Spellcasting   | |  2.6
Transmutations | |  0.7

Action                   || total
-------------------------++-------
Melee: Unarmed           ||    53
 Cast: Sandblast         ||    47
  Use: Scroll            ||     2
  Eat: Ration            ||     1
       Chunk             ||     1
Armor: Robe              ||    34
Dodge: Dodged            ||    60

Table legend:
 A = Non-vault XP
 B = Vault XP
 C = Vault XP percentage of total XP
 D = Non-vault monster count
 E = Vault monster count
 F = Vault count percentage of total count
                 A         B        C        D         E       F
            +---------+---------+-------+---------+---------+-------
      Total |      52 |       4 |   7.1 |      29 |       4 |  12.1
            +---------+---------+-------+---------+---------+-------
        D:1 |      39 |       4 |   9.3 |      24 |       4 |  14.3
        D:3 |      13 |       0 |   0.0 |       5 |       0 |   0.0
            +---------+---------+-------+---------+---------+-------
